Map: Orbital Shipyard

Players

Neeb

  • Race: Protoss Protoss
  • League: Grandmaster

speaknow (ByuN) - Winner!

  • Race: Terran Terran
  • League: Platinum

VOD

Have the link to the VOD?

Description

Time

  • Played on: Dec. 14, 2015, 8:49 p.m.
  • Length: 24:30
Show
View Real Time Build Order
Export as new Build Order

Neeb Protoss 

Build Orders: 1 Gate Expand, Phoenix Opening 

Get SALT Encoding   

  12  0:00  Probe (Chrono Boost)  
  13  0:11  Probe (Chrono Boost)  
  14  0:17  Pylon  
  14  0:22  Probe (Chrono Boost)  
  15  0:36  Probe (Chrono Boost)  
  15  0:37  Gateway  
  16  0:46  Probe (Chrono Boost)  
  18  0:57  Probe (Chrono Boost)  
  18  0:58  Assimilator  
  18  1:07  Probe (Chrono Boost)  
  19  1:17  Nexus  
  19  1:27  Cybernetics Core  
  19  1:31  Probe (Chrono Boost)  
  20  1:37  Assimilator  
  20  1:41  Probe (Chrono Boost)  
  21  1:49  Pylon  
  21  1:52  Probe (Chrono Boost)  
  22  2:02  Probe (Chrono Boost)  
  22  2:05  Warp Gate (Chrono Boost)  
  22  2:07  Adept (Chrono Boost)  
  25  2:13  Probe  
  26  2:25  Probe (Chrono Boost)  
  26  2:28  Probe (Chrono Boost)  
  28  2:32  Stargate  
  28  2:37  Probe (Chrono Boost)  
  28  2:40  Probe (Chrono Boost)  
  30  2:50  Mothership Core (Chrono Boost), Probe (Chrono Boost)  
  33  2:54  Pylon  
  33  3:00  Probe (Chrono Boost)  
  33  3:03  Gateway x2  
  34  3:09  Probe  
  34  3:10  Probe  
  36  3:12  Phoenix (Chrono Boost)  
  36  3:21  Probe  
  36  3:23  Probe  
  36  3:25  Pylon  
  38  3:33  Probe  
  39  3:34  Phoenix  
  39  3:35  Probe  
  39  3:38  Pylon  
  42  3:45  Probe (Chrono Boost)  
  42  3:48  Probe (Chrono Boost)  
  44  3:56  Phoenix  
  44  3:57  Probe (Chrono Boost)  
  44  4:00  Assimilator x2  
  44  4:01  Probe (Chrono Boost)  
  48  4:07  Probe (Chrono Boost)  
  48  4:09  Pylon  
  49  4:10  Sentry  
  49  4:13  Probe (Chrono Boost)  
  52  4:18  Probe (Chrono Boost)  
  52  4:20  Phoenix  
  56  4:25  Probe (Chrono Boost)  
  56  4:29  Probe (Chrono Boost)  
  57  4:32  Nexus  
  57  4:36  Pylon  
  57  4:37  Probe (Chrono Boost)  
  58  4:39  Probe (Chrono Boost)  
  58  4:44  Stalker  
  58  4:45  Stalker  
  63  4:47  Probe (Chrono Boost)  
  63  4:51  Probe (Chrono Boost)  
  65  4:58  Forge  
  65  5:00  Twilight Council, Probe (Chrono Boost)  
  65  5:02  Probe (Chrono Boost)  
  67  5:11  Probe (Chrono Boost)  
  67  5:12  Probe (Chrono Boost)  
  69  5:14  Pylon  
  69  5:16  Pylon  
  69  5:17  Protoss Ground Armor Level 1  
  69  5:20  Robotics Facility  
  69  5:21  Probe (Chrono Boost)  
  69  5:23  Probe (Chrono Boost)  
  71  5:28  Blink (Chrono Boost)  
  71  5:30  Assimilator  
  71  5:32  Probe (Chrono Boost)  
  71  5:33  Probe (Chrono Boost)  
  71  5:35  Assimilator  
  73  5:43  Probe x2  
  73  5:44  Probe  
  73  5:48  Stalker  
  73  5:49  Stalker  
  80  5:54  Probe  
  80  5:55  Probe  
  80  5:56  Probe  
  83  6:04  Probe  
  83  6:07  Probe  
  83  6:09  Immortal (Chrono Boost)  
  87  6:12  Robotics Bay  
  88  6:21  Gateway  
  88  6:22  Gateway  
  88  6:24  Gateway  
  87  6:30  Stalker, Pylon  
  87  6:31  Stalker  
  87  6:32  Stalker  
  93  6:36  Probe  
  94  6:44  Observer (Chrono Boost)  
  94  6:45  Robotics Bay  
  95  6:48  Probe, Pylon  
  95  6:49  Probe x2  
  98  6:55  Pylon  
  98  6:57  Stalker x3  
  98  6:58  Pylon  
  104  7:03  Pylon  
  104  7:12  Protoss Ground Weapons Level 1 (Chrono Boost), Photon Cannon  
  104  7:13  Photon Cannon  
  105  7:16  Observer (Chrono Boost)  
  105  7:21  Robotics Facility  
  105  7:24  Pylon  
  105  7:26  Resonating Glaives  
  105  7:27  Forge  
  105  7:29  Stalker x3  
  111  7:34  Disruptor (Chrono Boost)  
  114  7:42  Pylon  
  114  7:52  Stalker x3  
  114  7:53  Stalker x3  
  114  7:55  Assimilator  
  126  8:00  Disruptor (Chrono Boost)  
  126  8:04  Protoss Ground Armor Level 2 (Chrono Boost)  
  129  8:08  Disruptor  
  132  8:16  Adept x4  
  130  8:28  Stalker x2  
  122  8:39  Stalker x2, Adept x2  
  113  8:41  Disruptor  
  106  8:54  Probe x3  
  109  9:04  Pylon  
  109  9:07  Mothership Core  
  111  9:11  Sentry, Adept  
  111  9:12  Adept x4  
  111  9:15  Disruptor  
  123  9:17  Nexus  
  123  9:20  Pylon  
  125  9:25  Pylon  
  125  9:32  Disruptor  
  125  9:33  Gateway x2  
  125  9:36  Adept x6, Pylon  
  140  9:38  Pylon  
  140  9:43  Pylon  
  140  9:46  Disruptor  
  143  9:57  Stalker x2  
  143  9:58  Stalker x2  
  143  10:10  Disruptor, Assimilator  
  145  10:19  Adept  
  145  10:20  Adept  
  148  10:24  Adept  
  148  10:25  Adept x3  
  155  10:37  Stalker x2  
  155  10:38  Probe  
  155  10:39  Probe, Assimilator  
  161  10:43  Disruptor  
  161  10:46  Probe  
  148  10:51  Disruptor  
  151  11:01  Adept  
  151  11:02  Adept x5  
  163  11:05  Pylon  
  152  11:16  Stalker x2  
  154  11:22  Stalker x3  
  154  11:27  Stalker x3  
  157  11:40  Stalker x2, Disruptor  
  164  11:52  Nexus  
  162  11:58  Nexus  
  162  11:59  Pylon  
  157  12:06  Stalker x4  
  157  12:07  Stalker x2  
  157  12:08  Stalker  
  171  12:09  Adept  
  171  12:13  Probe  
  171  12:14  Probe  
  171  12:15  Probe  
  176  12:21  Pylon  
  175  12:26  Probe  
  175  12:27  Protoss Ground Armor Level 3 (Chrono Boost)  
  176  12:36  Protoss Ground Weapons Level 2 (Chrono Boost)  
  174  12:40  Nexus  
  174  12:42  Adept  
  174  12:43  Adept x4  
  184  12:59  Stalker  
  184  13:00  Stalker x2  
  182  13:14  Disruptor  
  179  13:27  Sentry x2, Stalker x4  
  179  13:32  Assimilator  
  179  13:33  Assimilator  
  189  13:38  Assimilator  
  189  13:40  Pylon  
  189  13:43  Disruptor, Assimilator  
  192  13:52  Disruptor  
  172  14:19  Stalker x2, Disruptor, Pylon  
  172  14:20  Stalker, Adept x4  
  172  14:23  Disruptor  
  187  14:25  Probe  
  187  14:26  Probe  
  187  14:27  Probe  
  189  14:45  Stalker x5  
  178  14:54  Disruptor  
  178  14:55  Disruptor  
  175  15:08  Stalker x5  
  175  15:09  Stalker  
  181  15:15  Adept  
  177  15:25  Disruptor  
  163  15:30  Disruptor  
  159  15:41  Adept x4  
  159  15:42  Adept x3  
  155  15:56  Disruptor  
  151  16:05  Stalker  
  151  16:06  Stalker x5, Disruptor  
  151  16:07  Stalker  
  168  16:19  Probe  
  168  16:20  Probe  
  168  16:23  Stalker  
  173  16:32  Stargate  
  173  16:35  Stalker x3  
  178  16:40  Adept x3  
  173  17:04  Pylon  
  173  17:06  Stalker x4  
  173  17:08  Stalker x3  
  182  17:25  Robotics Facility x2  
  182  17:27  Nexus  
  182  17:30  Protoss Ground Weapons Level 3 (Chrono Boost)  
  178  18:00  Stalker  
  178  18:01  Stalker x7  
  178  18:05  Protoss Shields Level 1 (Chrono Boost), Oracle  
  197  18:13  Assimilator  
  197  18:19  Assimilator  
  195  18:23  Pylon  
  181  18:30  Disruptor (Chrono Boost)  
  165  18:34  Disruptor (Chrono Boost)  
  134  18:48  Stalker x2  
  134  18:49  Stalker x6  
  134  18:50  Probe x3  
  134  18:52  Probe  
  154  19:04  Stargate  
  154  19:06  Observer (Chrono Boost)  
  154  19:08  Probe x2, Fleet Beacon  
  154  19:09  Probe x2  
  157  19:10  Probe x2, Observer (Chrono Boost)  
  160  19:19  Pylon  
  160  19:23  Adept x5  
  160  19:24  Adept, Observer (Chrono Boost)  
  173  19:28  Observer (Chrono Boost)  
  174  19:43  Observer (Chrono Boost)  
  175  19:47  Observer (Chrono Boost)  
  175  19:52  Adept  
  168  19:53  Tempest  
  168  19:54  Tempest  
  174  20:10  Adept x4  
  174  20:11  Adept x2  
  186  20:15  Adept  
  186  20:16  Adept  
  168  20:46  Adept  
  168  20:47  Adept  
  168  20:48  Stalker x3, Adept  
  168  20:49  Stalker x2  
  169  20:55  Probe x2, Pylon  
  169  20:56  Probe  
  145  20:57  Probe  
  145  20:58  Probe, Pylon  
  145  21:04  Tempest x2  
  128  21:14  Probe x2  
  128  21:16  Probe x2  
  128  21:24  Probe  
  127  21:26  Nexus  
  127  21:29  Adept  
  127  21:30  Sentry x2, Adept x2  
  136  21:35  Probe  
  136  21:37  Probe  
  138  21:44  Disruptor (Chrono Boost)  
  141  21:55  Photon Cannon  
  141  22:02  Disruptor (Chrono Boost)  
  143  22:13  Mothership Core  
  145  22:26  Stalker x3  
  151  22:30  Photon Cannon  
  151  22:55  Tempest  
  147  23:21  Disruptor x2 (Chrono Boost)  
  79  23:52  Disruptor (Chrono Boost)  
Show
View Real Time Build Order
Export as new Build Order

speaknow Terran - Winner!

Build Orders: MMM Bio 

Get SALT Encoding   

  12  0:01  SCV  
  13  0:13  SCV  
  14  0:18  Supply Depot  
  14  0:25  SCV  
  15  0:40  SCV  
  15  0:41  Barracks  
  16  0:43  Refinery  
  16  0:52  SCV  
  17  1:04  SCV  
  18  1:16  SCV  
  19  1:28  Barracks Reactor, Orbital Command  
  19  1:39  Command Center  
  19  1:46  Supply Depot  
  19  1:54  SCV  
  20  2:04  Marine x2  
  20  2:06  SCV  
  23  2:10  Factory  
  23  2:18  SCV  
  23  2:21  Marine  
  23  2:22  Marine  
  26  2:30  SCV  
  26  2:32  Refinery  
  27  2:39  Marine  
  27  2:40  Marine  
  27  2:42  SCV  
  30  2:52  Orbital Command  
  30  2:54  SCV  
  30  2:55  Starport  
  30  2:56  Widow Mine  
  30  2:57  Marine  
  34  3:00  Marine  
  35  3:06  SCV  
  34  3:15  Marine  
  34  3:18  Marine  
  36  3:20  SCV x2  
  36  3:25  Widow Mine  
  40  3:27  Supply Depot  
  40  3:31  Medivac  
  40  3:32  SCV x2  
  44  3:34  Marine  
  44  3:35  Marine  
  46  3:44  Supply Depot  
  46  3:48  SCV  
  46  3:49  SCV  
  48  3:58  Barracks  
  48  4:00  Barracks  
  48  4:01  SCV x2, Starport Tech Lab, Factory Tech Lab  
  50  4:05  Marine x2  
  52  4:13  SCV  
  52  4:15  Refinery  
  52  4:16  Engineering Bay  
  53  4:22  SCV, Marine  
  53  4:23  Marine  
  56  4:25  SCV  
  56  4:30  Supply Depot  
  57  4:31  Starport Reactor  
  57  4:34  SCV  
  57  4:37  SCV  
  59  4:40  Marine  
  59  4:41  Marine  
  62  4:46  SCV  
  62  4:49  Terran Infantry Weapons Level 1  
  62  4:51  SCV, Missile Turret  
  63  4:53  Supply Depot  
  63  4:56  Stimpack  
  64  5:01  Marine x2  
  64  5:02  SCV  
  64  5:04  SCV  
  67  5:10  Supply Depot  
  67  5:11  Marauder  
  69  5:15  Marauder  
  69  5:16  Supply Depot  
  69  5:17  SCV x2  
  69  5:19  Combat Shields  
  73  5:23  Marine x2  
  73  5:27  Medivac  
  77  5:32  Medivac  
  77  5:33  Supply Depot  
  79  5:38  Marauder x2  
  79  5:42  Factory Reactor  
  83  5:46  Marine x2  
  85  5:51  Barracks  
  85  5:52  Barracks  
  85  5:57  SCV x2  
  85  6:01  Marauder x2  
  85  6:04  Medivac x2  
  94  6:09  SCV x2, Marine  
  94  6:10  Marine  
  97  6:13  Supply Depot  
  97  6:21  SCV x2  
  97  6:23  Refinery  
  99  6:28  Marauder, Marine  
  102  6:33  Supply Depot, Marine, Widow Mine x2  
  102  6:34  Marauder  
  109  6:40  Barracks Reactor, Barracks Tech Lab  
  109  6:43  Terran Infantry Armor Level 1  
  109  6:49  Medivac x2  
  113  6:59  Command Center  
  112  7:11  Marauder x3  
  112  7:12  Marine x2  
  120  7:17  SCV x2  
  120  7:20  Supply Depot  
  122  7:25  Marine x2  
  124  7:30  Marine x2  
  124  7:37  Supply Depot  
  126  7:39  SCV x2  
  126  7:43  Supply Depot  
  128  7:44  Marauder  
  128  7:45  Supply Depot, Marauder x2  
  134  7:53  Marine x3  
  134  7:54  Marine  
  138  8:04  Missile Turret  
  138  8:05  SCV  
  138  8:06  SCV, Marauder x3  
  138  8:10  Armory  
  146  8:14  Engineering Bay  
  144  8:24  Marine x3  
  144  8:26  Marine  
  132  8:27  Marauder x3  
  127  8:41  Marine  
  127  8:42  Marine x2  
  127  8:44  Marine  
  113  8:48  Orbital Command  
  113  8:49  SCV, Marauder x3  
  113  8:50  SCV  
  113  8:51  Liberator x2  
  119  8:59  Marine x2  
  119  9:00  Marine  
  119  9:02  Terran Infantry Weapons Level 2  
  122  9:04  Terran Infantry Armor Level 2  
  128  9:10  Marauder x2  
  128  9:12  Marauder  
  128  9:16  Widow Mine x2  
  136  9:19  Marine x4  
  142  9:25  Refinery  
  142  9:26  Refinery  
  142  9:42  Liberator  
  142  9:43  Liberator  
  139  9:48  Marine, Marauder x2  
  139  9:49  Marine x3, Marauder  
  148  9:57  Barracks x2  
  148  9:59  Barracks  
  147  10:02  Widow Mine x2  
  154  10:10  Command Center, Marauder  
  156  10:18  Marine x2  
  156  10:19  Marine x2  
  156  10:20  Marauder  
  162  10:22  Concussive Shells  
  162  10:24  Marauder  
  164  10:31  Marauder  
  146  10:41  Marine  
  146  10:42  Marauder, Marine x3  
  152  10:44  Widow Mine x2  
  152  10:45  Marauder  
  152  10:47  Medivac x2  
  149  10:52  Marauder  
  149  10:54  Barracks Reactor  
  149  10:56  Barracks Tech Lab  
  149  10:57  Barracks Tech Lab  
  149  11:00  Liberator  
  149  11:09  Marauder x2  
  153  11:14  Marauder, Marine  
  153  11:15  Marine  
  153  11:16  Marine  
  152  11:19  Marine  
  152  11:20  Marine  
  152  11:21  Widow Mine  
  141  11:28  Marauder  
  141  11:30  Marauder x2  
  141  11:32  Marine  
  148  11:35  Marauder  
  148  11:36  Marine x4  
  148  11:39  Marauder  
  152  11:49  Marine x2  
  152  11:52  Liberator  
  152  11:54  Marine  
  152  11:58  Liberator  
  152  12:00  Marauder  
  152  12:01  Marauder  
  135  12:05  Marauder x2, Marine x2  
  135  12:06  Marine  
  135  12:07  Marine x2  
  139  12:15  Widow Mine  
  145  12:27  Widow Mine  
  145  12:29  Planetary Fortress  
  147  12:34  Liberator  
  140  12:40  Liberator  
  140  12:43  Marine  
  140  12:44  Marine x5  
  145  12:52  Marauder x2  
  145  12:53  Marauder  
  145  12:55  Marauder  
  145  12:57  Marauder  
  160  13:00  Widow Mine x2  
  157  13:14  Marauder x2  
  157  13:16  Marine x4  
  157  13:17  Liberator, Marine x2  
  159  13:23  Terran Infantry Weapons Level 3, Terran Infantry Armor Level 3, Liberator  
  155  13:42  Marine x3  
  155  13:43  Marine x3  
  155  13:45  Marauder x4  
  165  13:57  Marauder  
  165  14:00  Marine x2  
  149  14:03  Widow Mine x2  
  149  14:04  Marine x2  
  149  14:05  Marine  
  149  14:06  Marauder  
  149  14:07  Marauder x2  
  149  14:08  Marine x2  
  164  14:17  Marine, Medivac  
  164  14:18  Marine x2  
  164  14:22  Marine  
  164  14:23  Medivac  
  172  14:25  Marine x2  
  172  14:26  Marine x2  
  172  14:28  Marauder x2  
  180  14:38  Marauder x2  
  165  14:45  Marauder  
  158  14:47  Marine, Medivac  
  158  14:48  Marine  
  158  14:49  Marauder x2, Marine  
  155  14:53  Marine, Medivac  
  155  14:56  Marine  
  155  14:57  Marine  
  155  14:59  Marauder  
  153  15:00  Marauder  
  153  15:05  Marine  
  147  15:17  Medivac  
  147  15:20  Marauder x2  
  148  15:25  Marauder x2  
  148  15:26  Marine x2  
  148  15:27  Marine  
  143  15:30  Marauder  
  143  15:33  Marine  
  143  15:34  Marine  
  138  15:40  Marine  
  138  15:41  Marauder x2  
  137  15:43  Marine  
  137  15:44  Marine  
  137  15:45  Marine  
  137  15:47  Liberator  
  134  15:53  Marine x3, Marauder x2  
  134  15:55  Liberator  
  135  15:58  Marine  
  135  16:03  Widow Mine x2  
  132  16:22  Marine x5  
  132  16:24  Marine  
  136  16:28  Marauder x2  
  136  16:29  Marauder  
  142  16:34  Marauder  
  142  16:37  Marauder  
  137  16:41  Orbital Command  
  136  16:52  Marauder x3  
  136  16:53  Marine x4  
  134  16:54  Marine x2  
  134  16:57  Marine  
  134  17:00  Medivac  
  135  17:16  Marine x3, Marauder x4  
  135  17:18  Marine  
  135  17:19  Marine  
  144  17:27  Medivac  
  146  17:30  Medivac  
  148  17:42  Starport  
  148  17:43  Marine  
  134  17:46  Marine  
  134  17:47  Marine x4  
  134  17:48  Liberator x2  
  117  17:52  Marauder x2  
  117  17:53  Marauder  
  117  17:56  Marauder x2  
  125  18:01  Marine  
  125  18:03  Marine  
  125  18:04  Marine x2  
  125  18:05  Marine  
  134  18:08  Terran Ship Weapons Level 1  
  135  18:13  Marine  
  135  18:14  Marauder x3  
  135  18:17  Marauder x2  
  135  18:19  Marine  
  144  18:21  Marine  
  144  18:22  Marine x2  
  136  18:28  Marine  
  136  18:31  Marine  
  128  18:35  Marauder x3  
  128  18:37  Marine  
  128  18:38  Marauder x2  
  128  18:39  Marine  
  128  18:40  Marine x2  
  127  18:46  Marine  
  115  18:49  Marine  
  115  18:54  Marine  
  114  18:56  Marauder  
  114  18:57  Marine, Marauder x2  
  114  18:58  Marine x2  
  114  19:00  Marauder x2  
  124  19:03  Liberator x2  
  124  19:04  Marine  
  124  19:06  Marine  
  124  19:12  Marine  
  124  19:15  Marine  
  124  19:16  Liberator x2, Marine x2  
  128  19:18  Marauder x3  
  128  19:20  Marine  
  128  19:21  Marine  
  142  19:33  Marine x2  
  142  19:34  Marine  
  142  19:35  Marine x3  
  154  19:39  Marauder  
  153  19:59  Marauder  
  158  20:00  Marauder x3  
  158  20:01  Marine x4  
  158  20:05  Marine x2  
  158  20:06  Medivac  
  158  20:07  Medivac  
  170  20:18  Marine x2  
  170  20:19  Marine x3  
  170  20:21  Marine x2  
  171  20:33  Marine, Marauder x2  
  171  20:34  Marine  
  168  20:36  Marine x2, Marauder  
  168  20:37  Marine  
  168  20:39  Marine  
  168  20:41  Marine x2  
  149  20:48  Medivac  
  132  20:51  Marine  
  132  20:52  Marine  
  132  20:54  Marauder x2, Marine x3  
  132  20:57  Marine x2, Medivac  
  132  20:58  Marine  
  132  20:59  Marine  
  132  21:09  Marine  
  132  21:10  Marine  
  134  21:12  Medivac x2, Marine x3  
  134  21:15  Marine  
  134  21:17  Marine x2  
  124  21:26  Marauder x3  
  124  21:27  Marine  
  124  21:28  Marine  
  132  21:35  Marauder  
  132  21:38  Medivac x2  
  132  21:39  Marine x3  
  141  21:40  Marine x2  
  141  21:44  Widow Mine  
  141  21:45  Marine  
  143  21:55  Marine x3  
  142  22:05  Marine x3  
  142  22:06  Marine x3  
  135  22:12  Widow Mine  
  137  22:22  Marauder x3  
  143  22:27  Marine x4  
  147  22:30  Marine  
  147  22:31  Marine  
  147  22:41  Marauder x2  
  147  22:43  Marauder x2  
  155  22:46  Marine  
  155  22:47  Marine x2  
  156  22:54  Marine x3  
  156  22:55  Marine  
  157  23:03  Marauder  
  156  23:08  Marine x3  
  156  23:09  Marine x3  
  156  23:11  Marine  
  156  23:12  Marine  
  160  23:17  Marine  
  154  23:26  Marine  
  144  23:35  Marine  
  126  23:44  Marine  
Tags
 
Add a new tag
Caveats
  • Supply blocks, unpowered buildings, or Contaminate may cause inaccurate times.
  • Supply counts are checked every 10 seconds.